 Dungeon Crawl Stone Soup version 0.30-a0-986-g7f2e898f52 (webtiles) character file.

Game seed: 7578690350551225453

88904 jt the Devastator (level 15, -7/97 HPs)
             Began as a Tengu Fire Elementalist on Apr 1, 2023.
             Was a High Priest of Vehumet.
             Mangled by a spriggan rider
             ... wielding a +0 spear
              (18 damage)
             ... on level 1 of the Swamp on Apr 2, 2023.
             The game lasted 02:03:23 (32222 turns).

jt the Devastator (Tengu Fire Elementalist)        Turns: 32222, Time: 02:03:24

Health: -7/97      AC: 19    Str:  9    XL:     15   Next: 95%
Magic:  27/29      EV: 21    Int: 24    God:    Vehumet [*****.]
Gold:   732        SH: 11    Dex: 18    Spells: 5/33 levels left

rFire   + . .      SeeInvis +    a - staff of air
rCold   + . .      Faith    .    g - +1 buckler {AC+3}
rNeg    + . .      Spirit   .    w - +2 robe {rC+ rF+}
rPois   +          Reflect  .    U - +0 hat "Women" {Rampage Drain rElec rN+}
rElec   +          Rampage  +    P - +2 cloak of the Thief {*Fog Slay-2 SInv Stlth+}
rCorr   .                        T - +1 pair of gloves of the Bruised Portals {Int+3 Dex+2}
Will    +....                    (boots unavailable)
Stlth   +++                      (no amulet)
HPRegen 0.36/turn                n - +4 ring of protection
MPRegen 0.21/turn                O - ring of poison resistance

@: flying quickly and evasively, quick
A: beak, talons 3, nimble flight, iridescent scales 1, large bone plates 1,
subdued magic 1
a: Renounce Religion


You were on level 1 of the Swamp.
You worshipped Vehumet.
Vehumet was extremely pleased with you.
You visited 6 branches of the dungeon, and saw 24 of its levels.
You also visited: Gauntlet.

You collected 2016 gold pieces.
You spent 1284 gold pieces at shops.

Inventory:

Hand Weapons
 A - the +11 long sword of the Modern Prophets {antimagic, rF+ rC+}
   (You bought it in a shop on level 2 of the Orcish Mines)

   rF:        It protects you from fire.
   rC:        It protects you from cold.
 Z - a +2 war axe of venom
Missiles
 x - 3 throwing nets
 z - 4 curare-tipped darts
Armour
 g - a +1 buckler of protection (worn)
 u - a +1 leather armour of willpower
 w - a +2 robe of resistance (worn)
 P - the +2 cloak of the Thief (worn) {*Fog Slay-2 SInv Stlth+}
   (You found it in a Gauntlet)

   *Fog:      It may release a thick cloud of smoke when the wearer is hurt.
   Slay:      It affects your accuracy & damage with ranged weapons and melee
   (-2).
   SInv:      It lets you see invisible.
   Stlth:     It makes you more stealthy.
 T - the +1 pair of gloves of the Bruised Portals (worn) {Int+3 Dex+2}
   (You bought it in a shop on level 2 of the Orcish Mines)

   Int:       It affects your intelligence (+3).
   Dex:       It affects your dexterity (+2).
 U - the +0 hat "Women" (worn) {Rampage Drain rElec rN+}
   (You found it in a Gauntlet)

   rElec:     It insulates you from electricity.
   rN:        It protects you from negative energy.
   Drain:     It drains your maximum health when unequipped.
   Rampage:   It bestows one free step when moving towards enemies.
Magical Staves
 a - a staff of air (weapon)
 C - a staff of death
 G - a staff of poison
Jewellery
 d - a ring of protection from cold
 e - a ring of willpower
 n - a +4 ring of protection (left hand)
 D - a ring of see invisible
 K - a ring of positive energy
 O - a ring of poison resistance (right hand)
 Q - a ring of wizardry
Wands
 j - a wand of roots (7)
 r - a wand of flame (6)
 t - a wand of charming (10)
 v - a wand of polymorph (12)
 F - a wand of digging (3)
 J - a wand of light (1)
Scrolls
 c - 9 scrolls of teleportation
 i - 4 scrolls of immolation
 p - 2 scrolls of fear
 H - 4 scrolls of identify
 M - 2 scrolls of poison
 N - a scroll of fog
 X - 4 scrolls of silence
Potions
 b - 2 potions of magic
 f - 3 potions of cancellation
 h - 5 potions of berserk rage
 l - 4 potions of mutation
 m - 6 potions of curing
 o - a potion of haste
 q - 2 potions of lignification
 B - a potion of might
 E - 2 potions of invisibility
 R - 3 potions of brilliance
 S - a potion of attraction
 V - a potion of resistance
Miscellaneous
 k - a phial of floods
 I - a lightning rod (2/4)
 Y - a box of beasts


   Skills:
 + Level 12.8 Fighting
 - Level 5.6 Armour
 - Level 9.7 Dodging
 - Level 2.0 Stealth
 - Level 8.0 Shields
 + Level 9.9 Spellcasting
 - Level 15.9 Conjurations
 - Level 5.0 Translocations
 - Level 13.9 Fire Magic
 - Level 7.5 Air Magic
 - Level 2.0 Poison Magic
 - Level 2.0 Evocations


You had 5 spell levels left.
You knew the following spells:

 Your Spells              Type           Power      Damage    Failure   Level
a - Iskenderun's Mystic   Conj/Tloc      47%        2d10      1%          4
b - Scorch                Fire           100%       2d10      0%          2
c - Flame Wave            Conj/Fire      59%        2d14      1%          4
d - Kindle Blastsparks    Fire/Tloc/Air  100%       2d18      1%          3
e - Mephitic Cloud        Conj/Pois/Air  57%        N/A       1%          3
f - Sticky Flame          Conj/Fire      59%        2d7       1%          4
g - Conjure Ball Lightni  Conj/Air       34%        3x3d11    1%          6
h - Blink                 Tloc           54%        N/A       1%          2

Your spell library contained the following spells:

 Spells                   Type           Power      Damage    Failure   Level
 Foxfire                  Conj/Fire      100%       2x1d6     0%          1
 Apportation              Tloc           54%        N/A       1%          1
 Static Discharge         Conj/Air       100%       2-7/arc   1%          2
 Dazzling Flash           Conj/Hex       76%        N/A       1%          3
 Inner Flame              Hex/Fire       34%        N/A       1%          3
 Stone Arrow              Conj/Erth      76%        3d11      1%          3
 Vhi's Electric Charge    Tloc/Air       96%        N/A       1%          3
 Arcjolt                  Conj/Air       34%        1d44      1%          5
 Fireball                 Conj/Fire      29%        3d13      1%          5
 Iskenderun's Battlesphe  Conj           62%        2d11      1%          5
 Plasma Beam              Fire/Air       32%        2x1d33    1%          5
 Necrotise                Necr           36%        1d5       5%          1
 Summon Small Mammal      Summ           36%        N/A       5%          1
 Manifold Assault         Tloc           27%        N/A       7%          4
 Call Canine Familiar     Summ           9%         N/A       17%         3
 Ozocubu's Armour         Ice            9%         N/A       17%         3
 Summon Guardian Golem    Hex/Summ       9%         N/A       17%         3
 Vampiric Draining        Necr           9%         2d6       17%         3
 Lee's Rapid Deconstruct  Erth           4%         3d5*      38%         5
 Animate Armour           Summ/Erth      18%        N/A       50%         4
 Cause Fear               Hex            4%         N/A       50%         4
 Leda's Liquefaction      Hex/Erth       4%         N/A       50%         4
 Alistair's Intoxication  Tmut/Pois      8%         N/A       73%         5
 Agony                    Necr           9%         N/A       86%         5
 Blade Hands              Tmut           4%         N/A       86%         5
 Starburst                Conj/Fire      29%        6d9       1%          6
 Orb of Destruction       Conj           31%        9d10      1%          7
 Iron Shot                Conj/Erth      19%        9d4       9%          6
 Lehudib's Crystal Spear  Conj/Erth      19%        10d6      97%         8
 Statue Form              Tmut/Erth      6%         N/A       100%        6
 Summon Cactus Giant      Summ           4%         N/A       100%        6
 Dragon Form              Tmut           4%         N/A       100%        7
 Ozocubu's Refrigeration  Ice            4%         4d8       100%        7
 Storm Form               Tmut/Air       17%        N/A       100%        7
 Dragon's Call            Summ           4%         N/A       100%        9


Dungeon Overview and Level Annotations

Branches:
Dungeon (15/15)            Temple (1/1) D:6            Lair (4/5) D:10
  Swamp (1/4) Lair:3        Snake (0/4) Lair:2          Orc (2/2) D:9
    Elf (0/3) Orc:2        Vaults (0/5) D:14         Depths (1/4) D:15
Gauntlet (visited)
  Slime: Lair:4-5

Altars:
Ashenzari
Cheibriados
Dithmenos
Elyvilon
Fedhas
Gozag
Hepliaklqana
Kikubaaqudgha
Makhleb
Nemelex Xobeh
Qazlal
Ru
Trog
Uskayaw
Vehumet
Wu Jian
Xom
Yredelemnul
Zin
The Shining One

Shops:
D:9 [   D:10 **   D:11 [   Orc:2 *(:[

Annotations:
D:2 Natasha
D:3 exclusion: statue
D:6 3 runed translucent doors, gabibbone's ghost, amateur OpCj
D:15 exclusion: ice statue
Swamp:1 Donald
Depths:1 sanka's ghost, adept DgHu


Innate Abilities, Weirdness & Mutations

You have a beak for a mouth.
You have claws for feet.
Your magical nature lets you fly swiftly and evasively.
You are partially covered in iridescent scales. (AC +2)
You are partially covered in large bone plates. (SH +4)
Your spells are a little easier to cast, but a little less powerful.


Message History

The tyrant leech is lightly wounded.
The tyrant leech is knocked back by the mystic blast.
Donald mumbles some strange words.
Donald seems to grow stronger.
The six-headed hydra closely misses you.
You block the six-headed hydra's attack.
The six-headed hydra bites you.
* * * LOW HITPOINT WARNING * * *
You block the six-headed hydra's attack.
The six-headed hydra bites you.
* * * LOW HITPOINT WARNING * * *
You block the six-headed hydra's attack.
The bunyip howls a warning cry!
You hear a chilling moan.
As you read the scroll of fear, it crumbles to dust.
You assume a fearsome visage.
Donald looks frightened!
The bunyip looks frightened!
The six-headed hydra looks frightened!
The spriggan rider resists with some effort.
The tyrant leech looks frightened!
You block the spriggan rider's attack.
Donald looks scared stiff.
The swamp worm fires a harpoon shot at you.
The harpoon shot hits you!
* * * LOW HITPOINT WARNING * * *
You stop ascending the stairs.
You are yanked forward by the harpoon shot.
A swamp worm comes into view.
The spriggan rider hits you from afar with a +0 spear.
* * * LOW HITPOINT WARNING * * *
The swamp worm bites you but does no damage.
Unknown command.
You feel much better. The spriggan rider misses you.
The swamp worm closely misses you. You block the spriggan rider's attack.
The swamp worm fires a harpoon shot at you.
The harpoon shot hits you!
* * * LOW HITPOINT WARNING * * *
With a swish of your cloak, you release a cloud of fog.
You are yanked forward by the harpoon shot.
The spriggan rider hits you from afar with a +0 spear!!
You die...

..~~~~~.
♣.~~~~..
♣.~~~~.♣♣
♣.~~~~~.♣
♣.~~~..♣
♣..§§§§♣
♣♣..§§§§♣♣
♣.x.§§@§§♣♣.~~
.~.~♣§wv§§.@...
. ...i§§§§~~.>~
..§~~§§§§~~~~.♣
.....~~.!~~~...
~~~............
~~~..♣♣>~♣♣~w.♣
~~..~ .♣♣♣ ...♣
~~~


You could see a spriggan rider, a will-o-the-wisp and a swamp worm.

Vanquished Creatures
  An acid blob (D:14)
  Gastronok (Lair:3)
  A frost giant (D:15)
  An orc warlord (Orc:2)
  A very ugly thing (Depths:1)
  Azrael (D:15)
  A minotaur (Gauntlet)
  A spark wasp (shapeshifter) (D:14)
  A fire dragon (D:15)
  Snorg (D:9)
  A vault guard (D:14)
  A catoblepas (D:11)
  An ogre mage (D:11)
  8 centaur warriors
  A death knight (D:13)
  5 boulder beetles
  7 two-headed ogres
  3 tengu warriors (D:15)
  An orc high priest (Orc:2)
  A vampire mage (Depths:1)
  A fire crab (shapeshifter) (D:14)
  2 sixfirhies (Gauntlet)
  A skyshark (Lair:3)
  A goliath frog (shapeshifter) (D:15)
  4 skeletal warriors
  2 bog bodies (Lair:3)
  A wizard (D:14)
  A deep elf pyromancer (D:11)
  5 orc knights
  4 orc sorcerers
  2 oklob plants
  3 manticores
  A will-o-the-wisp (Swamp:1)
  2 wolf spiders (Lair:3)
  19 ugly things
  12 cyclopes
  2 moths of wrath
  3 elephants (Lair:2)
  3 black mambas
  6 cane toads
  An unseen horror (D:11)
  A kobold demonologist (D:11)
  2 gargoyles
  A yaktaur (shapeshifter) (D:15)
  A rime drake (Lair:3)
  A yaktaur (D:11)
  A tengu conjurer (D:15)
  2 freezing wraiths
  4 komodo dragons
  13 trolls
  Grinder (D:4)
  2 meliai
  Prince Ribbit (D:9)
  6 dream sheep (Lair:1)
  A polar bear (Lair:2)
  A centaur simulacrum (D:15)
  16 slime creatures
  2 shadows
  7 fire elementals (D:15)
  23 yaks
  A fire bat (D:7)
  A vampire (D:11)
  4 wraiths
  4 basilisks
  3 wyverns
  4 redbacks (Gauntlet)
  4 vampire mosquitoes (D:11)
  2 swamp worms (Lair:3)
  2 nagas (Lair:2)
  3 wargs
  5 acid dragons
  11 water moccasins
  A hell hound (D:15)
  A meliai simulacrum (D:14)
  23 orc warriors
  3 sky beasts
  8 black bears
  5 ogres
  A black bear (shapeshifter) (D:9)
  An ice beast (D:7)
  23 wolves
  14 centaurs
  3 phantoms
  8 kobold brigands (D:11)
  11 bullfrogs
  A scorpion (Lair:1)
  8 wights (D:9)
  17 killer bees
  11 howler monkeys
  An electric eel (Lair:3)
  16 orc priests
  A gnoll bouda (D:5)
  4 hounds
  Crazy Yiuf (D:7)
  4 sleepcaps
  4 iguanas
  9 orc wizards
  6 hell rats (Lair:4)
  9 gnolls
  5 adders
  2 white imps
  2 ufetubi
  7 worms
  3 dart slugs
  51 orcs
  2 bats
  8 endoplasms
  A giant cockroach (D:3)
  9 goblins
  5 hobgoblins
  3 quokkas
  8 ball pythons
  7 kobolds
  6 rats
  A bush (Lair:1)
559 creatures vanquished.

Vanquished Creatures (collateral kills)
  16 ball lightnings
  A foxfire (Lair:2)
17 creatures vanquished.

Vanquished Creatures (others)
  A will-o-the-wisp (Swamp:1)
  A bloated husk (Swamp:1)
  A kobold brigand (D:11)
  384 ball lightnings
  508 foxfires
  38 fungi
  41 plants
974 creatures vanquished.

Grand Total: 1550 creatures vanquished

Notes
Turn   | Place    | Note
-------+----------+-------------------------------------------
     0 | D:1      | jt the Tengu Fire Elementalist began the quest for the Orb.
     0 | D:1      | Reached XP level 1. HP: 10/10 MP: 4/4
   133 | D:1      | Reached XP level 2. HP: 16/16 MP: 1/6
   281 | D:1      | Learned a level 2 spell: Scorch
   444 | D:1      | Reached skill level 2 in Conjurations
   684 | D:1      | Reached skill level 1 in Fighting
   755 | D:1      | Reached XP level 3. HP: 20/20 MP: 3/7
  1718 | D:2      | Noticed Natasha
  1750 | D:3      | Reached XP level 4. HP: 25/25 MP: 3/8
  1967 | D:3      | Found a radiant altar of Vehumet.
  1967 | D:3      | Noticed a frost-covered statue
  1973 | D:3      | Became a worshipper of Vehumet
  3105 | D:4      | Reached skill level 3 in Conjurations
  3339 | D:4      | Noticed Grinder
  3348 | D:4      | Paralysed by Grinder for 4 turns
  3360 | D:4      | Killed Grinder
  3361 | D:4      | Reached skill level 1 in Armour
  3361 | D:4      | Reached skill level 4 in Conjurations
  3361 | D:4      | Gained mutation: Your magical nature lets you fly swiftly
                  | and evasively. [Tengu growth]
  3361 | D:4      | Reached XP level 5. HP: 30/30 MP: 7/11
  3361 | D:4      | Reached XP level 6. HP: 35/35 MP: 7/12
  3755 | D:5      | Entered Level 5 of the Dungeon
  3755 | D:5      | Noticed a black bear
  3759 | D:4      | Reached * piety under Vehumet
  3759 | D:4      | Offered knowledge of Kiss of Death by Vehumet.
  3762 | D:4      | Reached skill level 5 in Fire Magic
  3862 | D:5      | Reached XP level 7. HP: 40/40 MP: 8/14
  4124 | D:5      | Reached skill level 5 in Conjurations
  4778 | D:6      | Found a staircase to the Ecumenical Temple.
  4784 | D:6      | Reached skill level 6 in Conjurations
  4784 | D:6      | Reached XP level 8. HP: 31/44 MP: 7/16
  4785 | D:6      | Reached skill level 5 in Spellcasting
  4858 | Temple   | Entered the Ecumenical Temple
  5026 | D:6      | Found an ornate altar of the Wu Jian Council.
  5083 | D:5      | Reached skill level 7 in Conjurations
  5846 | D:6      | Found a runed translucent gate.
  5848 | D:6      | Found a runed translucent gate.
  5849 | D:6      | Found a runed translucent gate.
  5850 | D:6      | Found an opulent altar of Gozag.
  5851 | D:6      | Noticed gabibbone's ghost (amateur OpCj)
  5852 | D:6      | Noticed an unseen horror
  6203 | D:7      | Reached skill level 8 in Conjurations
  6203 | D:7      | Reached XP level 9. HP: 48/48 MP: 8/19
  6204 | D:7      | Reached ** piety under Vehumet
  6204 | D:7      | Offered knowledge of Shock by Vehumet.
  6401 | D:7      | Noticed Maggie
  6556 | D:7      | Noticed a moth of wrath
  6559 | D:7      | Found a bloodstained altar of Trog.
  6616 | D:7      | Reached skill level 5 in Fighting
  6616 | D:7      | Reached skill level 5 in Armour
  6616 | D:7      | Reached skill level 11 in Conjurations
  6616 | D:7      | Reached XP level 10. HP: 59/59 MP: 18/20
  6617 | D:7      | Maggie changed into Maggie the fire bat
  6617 | D:7      | Noticed Maggie
  6632 | D:7      | Killed Maggie the fire bat
  6661 | D:7      | Learned a level 4 spell: Flame Wave
  6674 | D:7      | Reached skill level 10 in Fire Magic
  6674 | D:7      | Reached skill level 1 in Evocations
  6826 | D:7      | Found a shimmering altar of Xom.
  7131 | D:7      | Found a runed translucent door.
  7132 | D:7      | Noticed Crazy Yiuf
  7172 | D:7      | Killed Crazy Yiuf
  7275 | D:7      | Killed a moth of wrath
  7755 | D:8      | Learned a level 3 spell: Kindle Blastsparks
  7821 | D:8      | Reached skill level 1 in Air Magic
  8166 | D:8      | Found a burning altar of Makhleb.
  8193 | D:8      | Found an ancient bone altar of Kikubaaqudgha.
  8687 | D:8      | Offered knowledge of Dazzling Flash by Vehumet.
  8926 | D:9      | Noticed Prince Ribbit
  8930 | D:9      | Killed Prince Ribbit
  9126 | D:9      | Reached *** piety under Vehumet
  9138 | D:9      | Reached skill level 12 in Conjurations
  9138 | D:9      | Reached XP level 11. HP: 56/64 MP: 13/21
  9323 | D:9      | Noticed an entropy weaver
  9329 | D:9      | an entropy weaver changed into a black bear
  9341 | D:9      | Found a staircase to the Orcish Mines.
  9376 | D:9      | Found Varoaps's Armour Boutique.
  9417 | D:9      | Noticed a two-headed ogre
  9435 | D:9      | Killed a two-headed ogre
  9665 | D:10     | Entered Level 10 of the Dungeon
  9864 | D:10     | Noticed a two-headed ogre
  9914 | D:10     | Found Vegayk's Demolitions Depot.
  9919 | D:10     | Bought a wand of light (7) for 411 gold pieces
  9926 | D:10     | Noticed Snorg
 10065 | Orc:1    | Entered Level 1 of the Orcish Mines
 10066 | Orc:1    | Offered knowledge of Mephitic Cloud by Vehumet.
 10079 | D:9      | Learned a level 3 spell: Mephitic Cloud
 10559 | Orc:2    | Entered Level 2 of the Orcish Mines
 10577 | Orc:2    | Noticed an orc knight
 10578 | Orc:2    | Reached skill level 1 in Poison Magic
 10711 | D:9      | Gained mutation: You are partially covered in large bone
                  | plates. (SH +4) [potion of mutation]
 10711 | D:9      | Gained mutation: You are partially covered in iridescent
                  | scales. (AC +2) [potion of mutation]
 10711 | D:9      | Gained mutation: Your spells are a little easier to cast,
                  | but a little less powerful. [potion of mutation]
 10723 | D:9      | Killed Snorg
 10724 | D:9      | Reached skill level 13 in Conjurations
 10833 | D:9      | Reached skill level 5 in Air Magic
 10887 | D:10     | Killed a two-headed ogre
 11363 | D:10     | Noticed an oklob plant
 11368 | D:10     | Found a staircase to the Lair.
 11383 | D:10     | Killed an oklob plant
 11550 | D:10     | Found Yckaj's General Store.
 11562 | D:10     | Bought a potion of curing for 33 gold pieces
 11639 | Lair:1   | Entered Level 1 of the Lair of Beasts
 11673 | Lair:1   | Reached **** piety under Vehumet
 11870 | Lair:1   | Reached XP level 12. HP: 69/69 MP: 11/22
 11875 | Lair:1   | Offered knowledge of Airstrike by Vehumet.
 11880 | Lair:1   | Reached skill level 14 in Conjurations
 12063 | Lair:1   | Noticed a boulder beetle
 12082 | Lair:1   | Killed a boulder beetle
 13617 | Lair:2   | Learned a level 4 spell: Sticky Flame
 13703 | Lair:2   | Reached ***** piety under Vehumet
 14284 | Lair:2   | Reached skill level 15 in Conjurations
 14392 | Lair:2   | Found a staircase to the Snake Pit.
 14730 | Lair:3   | Offered knowledge of Conjure Ball Lightning by Vehumet.
 14740 | Lair:3   | Learned a level 6 spell: Conjure Ball Lightning
 14808 | Lair:3   | Reached XP level 13. HP: 76/76 MP: 18/23
 15468 | Lair:3   | Found a staircase to the Swamp.
 15566 | Lair:3   | Noticed Gastronok
 15607 | Lair:3   | Killed Gastronok
 17750 | Orc:2    | Noticed an orc warlord
 17759 | Orc:2    | Killed an orc warlord
 19209 | Orc:2    | Found a staircase to the Elven Halls.
 19239 | Orc:2    | Found Foarphank's Antique Weapon Emporium.
 19253 | Orc:2    | Found Kuef's Book Shop.
 19280 | Orc:2    | Found Ruro Lot's Antique Armour Shop.
 19289 | Orc:2    | Bought a pair of dazzling gloves for 237 gold pieces
 19289 | Orc:2    | Identified the +1 pair of gloves of the Bruised Portals
                  | {Int+3 Dex+2} (You bought it in a shop on level 2 of the
                  | Orcish Mines)
 19303 | Orc:2    | Bought a runed cloak for 187 gold pieces
 19306 | Orc:2    | Bought a shiny buckler for 187 gold pieces
 19602 | Orc:2    | Found Naipix's General Store.
 19606 | Orc:2    | Reached skill level 1 in Shields
 19915 | Orc:1    | Reached XP level 14. HP: 12/84 MP: 15/25
 20766 | Orc:2    | Bought a bloodstained long sword for 229 gold pieces
 20766 | Orc:2    | Identified the +11 long sword of the Modern Prophets
                  | {antimagic, rF+ rC+} (You bought it in a shop on level 2 of
                  | the Orcish Mines)
 21393 | D:11     | Reached skill level 5 in Shields
 23075 | D:11     | Found Cheibriados's Comfort Zone.
 23084 | D:11     | Learned a level 2 spell: Blink
 23085 | D:11     | Found a snail-covered altar of Cheibriados.
 23540 | D:11     | Identified the +0 flail of Sextejy {freeze, Str+2}
 23554 | D:11     | Reached skill level 1 in Translocations
 23876 | D:11     | You are sucked into a shaft and drop 1 floor!
 24089 | D:12     | Found a gate leading to a gauntlet.
 24107 | Gauntlet | Entered a Gauntlet
 24107 | Gauntlet | Found a transporter.
 24116 | Gauntlet | Found a transporter.
 24136 | Gauntlet | Found a transporter.
 24136 | Gauntlet | Found a transporter.
 24157 | Gauntlet | Found a transporter.
 24170 | Gauntlet | Found a transporter.
 24184 | Gauntlet | Found a transporter.
 24202 | Gauntlet | Found a transporter.
 24206 | Gauntlet | Found a transporter.
 24208 | Gauntlet | Found a runed translucent gate.
 24208 | Gauntlet | Found a runed translucent gate.
 24208 | Gauntlet | Found a runed translucent gate.
 24214 | Gauntlet | Found a transporter.
 24247 | Gauntlet | Found a transporter.
 24247 | Gauntlet | Found the +2 cloak of the Thief {*Fog Slay-2 SInv Stlth+}
 24251 | Gauntlet | Found a transporter.
 24341 | Gauntlet | Reached skill level 10 in Fighting
 24357 | Gauntlet | Identified the +0 hat "Women" {Rampage Drain rElec rN+}
 24461 | Gauntlet | Identified the +1 robe "Timakiuny" {+Inv Int-4 Dex+5 SInv}
 24461 | Gauntlet | Identified the +0 scale mail "Memusuj" {rPois rN+}
 25137 | D:12     | Offered knowledge of Lee's Rapid Deconstruction by Vehumet.
 26636 | D:13     | Reached XP level 15. HP: 83/93 MP: 12/27
 26641 | D:13     | Learned a level 4 spell: Iskenderun's Mystic Blast
 26976 | D:14     | Found a transporter.
 26978 | D:14     | Noticed an acid blob
 27593 | D:14     | Found a blossoming altar of Fedhas.
 27729 | D:14     | Found a transporter.
 28503 | D:14     | Found a gate to the Vaults.
 28820 | D:14     | Killed an acid blob
 28821 | D:14     | Reached skill level 5 in Translocations
 29046 | D:15     | Entered Level 15 of the Dungeon
 29716 | D:15     | Noticed Azrael
 29726 | D:15     | Killed Azrael
 31186 | D:15     | Noticed a frost giant
 31294 | D:15     | Killed a frost giant
 31377 | D:15     | Found a staircase to the Depths.
 31425 | D:15     | Found a blossoming altar of Fedhas.
 31489 | Depths:1 | Entered Level 1 of the Depths
 31722 | Depths:1 | Noticed sanka's ghost (adept DgHu)
 31723 | Depths:1 | Noticed a dread lich
 31723 | Depths:1 | Noticed a fire giant
 31979 | Swamp:1  | Entered Level 1 of the Swamp
 31979 | Swamp:1  | Noticed Donald
 32219 | Swamp:1  | HP: 3/97 [spriggan rider/+0 spear (3)]
 32222 | Swamp:1  | Mangled by a spriggan rider

Illustrated notes

Levels and vault maps discovered:
D:1:      dpeg_arrival_rhombus, layout_basic, minmay_pentomino_s4
D:2:      layout_rooms, uniq_natasha
D:3:      layout_basic, vehumet_statue
D:4:      layout_basic, uniq_grinder
D:5:      layout_cave_pools
D:6:      layout_basic, mainiacjoe_overflow_brackets,
          minmay_temple_entry_purple_smoke, ebering_ghost_gozag
D:7:      layout_rooms, xom_teletrap_fun, tgw_trog, minmay_fractal_squares_5,
          uniq_crazy_yiuf_cottage, uniq_maggie
D:8:      layout_loops_ring, mainiacjoe_overflow_two_lobes,
          serial_co_window_serial, co_window_corner_a, co_window_paths_a,
          co_window_corner_a, co_window_corner_a, co_window_paths_a,
          co_window_broadway_b, co_window_cross_3, co_window_2corner,
          co_window_paths_e, glass_columns_b, glass_columns_c, glass_columns_a,
          glass_columns_c, glass_columns_a
D:9:      layout_cross, orc_0_dummy, serial_shops,
          nicolae_shop_temple_entry_statues_fountains, minivault_27,
          uniq_prince_ribbit1
D:10:     layout_rooms, dpeg_oklobed_lair, serial_shops,
          nicolae_shop_statue_plus, nicolae_blasting_shop, uniq_snorg
D:11:     minmay_the_grid_4x2 [minmay_the_grid_rooms, minmay_the_grid_embedded,
          minmay_the_grid_doors, minmay_the_grid_stretched_grid,
          minmay_the_grid_all_tris, minmay_the_grid_plusring,
          minmay_the_grid_outer_diamond,
          minmay_the_grid_prize_four_corners_diamond_b], layout_basic,
          special_room [special_room_kobold], minmay_shop_chei
D:12:     layout_roguey, gauntlet_entry_generic
D:13:     layout_gridville
D:14:     gammafunk_cloud_chamber, layout_irregular_city, david_vaults_5,
          lemuel_crystal_altar
D:15:     grunt_enter_depths_snipers, layout_small_grid,
          fedhas_altar_fruit_tree, portal_ice_cave_entry_ice_statue_one,
          nicolae_fountain_basement, uniq_azrael
Temple:   nicolae_temple_x_marks_the_god
Lair:1:   layout_cave_pods, serial_bayou_shore_b, grunt_megastairs_2
Lair:2:   layout_regular_city, guppyfry_snake_entry_garden, beast_lair_carwin_10
Lair:3:   layout_cave_pods, nicolae_swamp_entry_splash_gauntlet,
          nicolae_lair_run_with_the_wolves, uniq_gastronok
Lair:4:   layout_regular_city, slime_entry_1, grunt_megastairs_1,
          lemuel_fruit_tree
Swamp:1:  layout_basic_swamp, evilmike_swamp_ruin_rubble_1, uniq_louise,
          uniq_donald
Orc:1:    layout_caves
Orc:2:    grunt_orc_gardens, layout_caves, grunt_orc_garden, grunt_orc_garden,
          grunt_orc_garden, grunt_orc_garden, basic_altar
Depths:1: layout_basic, hell_entry, muffindrake_ghost_dual_entry,
          kennysheep_generic_room_5, uniq_bai_suzhen

Skill      XL: |  1  2  3  4  5  6  7  8  9 10 11 12 13 14 15 |
---------------+----------------------------------------------+-----
Conjurations   | 2 4 6 8 11 12 13 15 | 15.9
Fighting       | 1 2 5 7 8 10 12 | 12.8
Fire Magic     | 4 5 6 7 9 10 12 13 | 13.9
Armour         | 1 5 |  5.6
Dodging        | 3 6 8 9 |  9.7
Spellcasting   | 3 4 6 7 9 |  9.9
Evocations     | 2 |  2.0
Air Magic      | 2 5 7 |  7.5
Poison Magic   | 2 |  2.0
Shields        | 2 8 |  8.0
Translocations | 3 5 |  5.0
Stealth        | |  2.0

Action                     |  1- 3 |  4- 6 |  7- 9 | 10-12 | 13-15 || total
---------------------------+-------+-------+-------+-------+-------++-------
  Melee: Peck              |     5 |     2 |     1 |     7 |    21 ||    36
         Unarmed           |     1 |       |       |       |       ||     1
         Short sword       |     2 |       |       |       |       ||     2
         Mace              |    12 |       |       |       |       ||    12
         Staff             |       |     7 |     9 |    25 |    38 ||    79
         Kick              |       |     1 |     3 |    13 |    27 ||    44
         Punch             |       |     1 |     1 |     2 |       ||     4
         Whip              |       |       |       |     5 |       ||     5
         War axe           |       |       |       |       |    23 ||    23
  Throw: Javelin           |       |       |       |     2 |       ||     2
         Dart              |       |       |       |       |     6 ||     6
   Cast: Foxfire           |    35 |    15 |    72 |   136 |    40 ||   298
         Scorch            |    19 |    42 |    77 |   208 |   255 ||   601
         Flame Wave        |       |       |       |    37 |    65 ||   102
         Kindle Blastspark |       |       |       |     7 |     4 ||    11
         Mephitic Cloud    |       |       |       |    11 |    18 ||    29
         Conjure Ball Ligh |       |       |       |     1 |   171 ||   172
         Sticky Flame      |       |       |       |     1 |    10 ||    11
         Blink             |       |       |       |       |     1 ||     1
         Iskenderun's Myst |       |       |       |       |    15 ||    15
  Evoke: Wand              |       |       |     2 |    15 |     8 ||    25
         Lightning rod     |       |       |       |       |     4 ||     4
    Use: Scroll            |       |     3 |     7 |     8 |    10 ||    28
         Potion            |       |     2 |     1 |     4 |     3 ||    10
   Stab: Sleeping          |     1 |       |       |     2 |       ||     3
         Confused          |       |       |       |     1 |       ||     1
         Distracted        |       |       |       |       |     1 ||     1
 Armour: Robe              |     5 |     2 |       |       |    73 ||    80
         Leather armour    |       |     3 |    24 |    56 |    20 ||   103
         Acid dragon scale |       |       |       |       |     1 ||     1
  Dodge: Dodged            |    12 |    19 |    56 |   172 |   314 ||   573
  Block: Other             |       |       |       |    14 |    18 ||    32
         Buckler           |       |       |       |       |   159 ||   159

Table legend: (Time is in decaauts)
 A = Elapsed time spent in this place.
 B = Non-inter-level travel time spent in this place.
 C = Inter-level travel time spent in this place.
 D = Time resting spent in this place.
 E = Time spent auto-exploring this place.
 F = Levels seen in this place.
 G = Mean time per level.
                   A        B        C        D        E       F      G
               +--------+--------+--------+--------+--------+-----+--------+
         Total |  30933 |  29133 |   1800 |  11763 |   9414 |  25 | 1237.3 |
       Dungeon |  21441 |  20281 |   1160 |   7577 |   7050 |  15 | 1429.4 |
        Temple |      1 |      1 |      0 |      0 |      0 |   1 |    1.0 |
          Lair |   5500 |   5051 |    449 |   2116 |   1793 |   4 | 1375.0 |
         Swamp |     15 |     15 |      0 |      0 |      0 |   1 |   15.0 |
  Orcish Mines |   3459 |   3269 |    190 |   1965 |    491 |   2 | 1729.5 |
        Depths |    177 |    177 |      0 |     34 |      0 |   1 |  177.0 |
      Gauntlet |    338 |    338 |      0 |     71 |     79 |   1 |  338.0 |
               +--------+--------+--------+--------+--------+-----+--------+

Top non-repeatable levels by time:
    D:11: 3070 daAuts
  Lair:3: 2361 daAuts
    D:14: 2216 daAuts
   Orc:1: 2132 daAuts
    D:13: 1857 daAuts
    D:15: 1831 daAuts
  Lair:1: 1698 daAuts
     D:9: 1662 daAuts
  Lair:2: 1428 daAuts
    D:10: 1410 daAuts
   Orc:2: 1326 daAuts
     D:4: 1272 daAuts
     D:6: 1262 daAuts
     D:8: 1257 daAuts
     D:1: 1117 daAuts
